details: 'elves cant even win with perfect counters'

« prev index next »

General information

Mini Map

Players

team 1
NightElfSzakari (teal | 64 APM | 951 actions | 14:45)
Hero icon 4 Warden
Ability icon 2 Shadow Strike
Ability icon 2 Blink

» actions
Assign group hotkey4
Build / train53
Enter build submenu14
Enter hero's abilities submenu4
Remove unit from queue3
Right click475
Select / deselect303
Select group hotkey7
Use ability88
951 total
» units
Wisp15
Archer11
Goblin Shredder1
Hippogryph4
Druid of the Talon4
35 total
» upgrades
Improved Bows1
Ultravision1
Druid of the Talon Training1
Hippogryph Taming1
Nature's Blessing1
Reinforced Hides1
6 total
» buildings
Altar of Elders1
Moon Well6
Ancient of War1
Tree of Ages1
Hunter's Hall1
Ancient of Wind2
Tree of Eternity1
13 total
» build order
00:13 Altar of Elders
00:21 Moon Well
00:33 Ancient of War
01:37 Moon Well
02:46 Tree of Ages
06:02 Hunter's Hall
06:47 Moon Well
06:57 Ancient of Wind
07:05 Ancient of Wind
07:58 Moon Well
10:03 Moon Well
11:06 Moon Well
13:46 Tree of Eternity
» items
Circlet of Nobility1
Periapt of Vitality1
2 total
team 2
OrcBoogaloo_Shrimp (yellow | 73 APM | 1072 actions | 14:46)
Hero icon 6 Blademaster
Ability icon 2 Wind Walk
Ability icon 3 Critical Strike
Ability icon 1 Bladestorm

» actions
Assign group hotkey49
Basic commands15
Build / train58
ESC pressed1
Enter build submenu23
Enter hero's abilities submenu6
Give item / drop item9
Right click462
Select / deselect191
Select group hotkey185
Use ability73
1072 total
» units
Peon11
Wind Rider4
Goblin Shredder4
Troll Batrider6
25 total
» upgrades
Ranged Weapons3
Liquid Fire1
Reinforced Defenses1
5 total
» buildings
Altar of Storms1
Orc Burrow7
Voodoo Lounge1
War Mill1
Watch Tower6
Stronghold1
Beastiary4
Fortress3
24 total
» build order
00:05 Altar of Storms
00:18 Orc Burrow
01:03 Voodoo Lounge
01:20 War Mill
01:57 Orc Burrow
02:34 Watch Tower
02:55 Watch Tower
03:22 Stronghold
04:06 Watch Tower
04:37 Orc Burrow
04:39 Orc Burrow
05:05 Watch Tower
05:45 Beastiary
05:46 Beastiary
05:48 Beastiary
08:13 Orc Burrow
08:37 Fortress
08:37 Fortress
08:37 Fortress
11:47 Watch Tower
11:50 Watch Tower
12:17 Beastiary
12:20 Orc Burrow
12:22 Orc Burrow
» items
Lesser Clarity Potion6
Healing Salve3
Scroll of Speed2
Boots of Speed1
Orb of Lightning1
Potion of Healing1
Potion of Lesser Invulnerability1
15 total